 Dungeon Crawl Stone Soup version 0.28.0-43-g3370ac3207 (webtiles) character file.

Game seed: 18048890123122971377

176279 snonkus the Fencer (level 18, -2/118 HPs)
             Began as a Gargoyle Fighter on Mar 20, 2022.
             Was the Champion of Nemelex Xobeh.
             Blown up by a sun moth (25 damage)
             ... with a bolt of energy
             ... on level 4 of the Spider Nest on Mar 22, 2022.
             The game lasted 03:07:40 (40640 turns).

snonkus the Fencer (Gargoyle Fighter)              Turns: 40640, Time: 03:07:40

Health: -2/118     AC: 48    Str: 26      XL:     18   Next: 12%
Magic:  0/18       EV:  7    Int: 11      God:    Nemelex Xobeh [******]
Gold:   3114       SH: 11    Dex:  5 (7)  Spells: 17/17 levels left

rFire   . . .      SeeInvis .   T - +3 scimitar (elec)
rCold   . . .      Faith    +   c - +0 kite shield {AC+3} {AC+3}
rNeg    + . .      Spirit   .   P - +2 plate armour
rPois   ∞          Reflect  .   p - +0 helmet
rElec   +          Harm     .   h - +1 cloak
rCorr   .          Rampage  .   E - +1 pair of gloves
Will    ++...                   A - +0 pair of boots
Stlth   ..........              y - amulet of faith {Faith, !P}
HPRegen 0.29/turn               j - +4 ring of protection
MPRegen 0.16/turn               k - ring of willpower

@: mighty, on fire, flying, glowing
A: sickness immunity, AC +13, big wings, negative energy resistance 1,
electricity resistance, torment resistance 1, petrification resistance, clumsy
2, strong 1, subdued magic 1
a: Renounce Religion, Draw Escape, Draw Destruction, Draw Summoning, Triple
Draw, Deal Four, Stack Five


You were on level 4 of the Spider Nest.
You worshipped Nemelex Xobeh.
Nemelex Xobeh was exalted by your worship.
You visited 5 branches of the dungeon, and saw 28 of its levels.
You also visited: Bailey.

You collected 3825 gold pieces.
You spent 711 gold pieces at shops.

Inventory:

Hand Weapons
 a - a +3 spectral long sword
 m - a +1 dagger of venom
 B - a +6 long sword of freezing
 T - a +3 scimitar of electrocution (weapon)
 V - a +4 falchion of draining
Missiles
 q - 9 curare-tipped darts
 D - 58 poisoned darts (quivered)
 Y - 4 datura-tipped darts
Armour
 c - a +0 kite shield of protection (worn) {AC+3}
 d - +0 fire dragon scales
 e - a scarf of repulsion
 h - a +1 cloak (worn)
 p - a +0 helmet (worn)
 A - a +0 pair of boots (worn)
 E - a +1 pair of gloves (worn)
 P - a +2 plate armour (worn)
Jewellery
 j - a +4 ring of protection (left hand)
 k - a ring of willpower (right hand)
 u - a ring of ice {rC+, rF-}
 v - a ring of willpower
 y - an amulet of faith (around neck) {Faith, !P}
 C - a ring of resist corrosion
 J - a +6 ring of strength
 S - a ring of see invisible
 W - a ring of fire {rF+, rC-}
Wands
 b - a wand of mindburst (9)
 f - a wand of flame (18)
 w - a wand of polymorph (6)
 K - a wand of paralysis (20)
 N - a wand of charming (7)
 X - a wand of iceblast (12)
 Z - a wand of acid (2)
Scrolls
 i - 23 scrolls of identify
 r - 6 scrolls of magic mapping {!r}
 s - 2 scrolls of enchant weapon
 t - 12 scrolls of teleportation
 F - 3 scrolls of immolation {!r}
 L - 3 scrolls of blinking {!r}
 O - 4 scrolls of fog
Potions
 g - 2 potions of haste
 n - a potion of cancellation
 o - 3 potions of mutation {!q}
 z - 2 potions of curing
 G - a potion of berserk rage {!q}
 I - a potion of lignification {!q}
 M - 2 potions of resistance
 Q - 2 potions of might
 U - a potion of invisibility
Miscellaneous
 x - a tin of tremorstones (2/2)
 R - a phantom mirror


   Skills:
 + Level 14.9 Fighting
 * Level 17.1 Long Blades
 + Level 15.2 Armour
 + Level 14.9 Shields
 + Level 10.4 Evocations


You had 17 spell levels left.
You didn't know any spells.
Your spell library contained the following spells:

 Spells                   Type           Power      Damage    Failure   Level
 Animate Skeleton         Necr           0%         N/A       98%         1
 Apportation              Tloc           0%         N/A       98%         1
 Beastly Appendage        Tmut           0%         N/A       98%         1
 Summon Small Mammal      Summ           0%         N/A       98%         1
 Corpse Rot               Necr/Air       0%         N/A       99%         2
 Poisonous Vapours        Pois/Air       0%         N/A       99%         2
 Scorch                   Fire           0%         2d5       99%         2
 Wereblood                Tmut           0%         N/A       99%         2
 Confusing Touch          Hex            0%         N/A       100%        3
 Spider Form              Tmut/Pois      0%         N/A       100%        3
 Dispel Undead            Necr           0%         3d6       100%        4
 Flame Wave               Conj/Fire      0%         2d4       100%        4
 Fireball                 Conj/Fire      0%         3d3       100%        5
 Iskenderun's Battlesphe  Conj           0%         2d6       100%        5
 Summon Forest            Summ/Tloc      0%         N/A       100%        5
 Yara's Violent Unravell  Hex/Tmut       0%         3d3       100%        5
 Conjure Ball Lightning   Conj/Air       0%         3x3d6     100%        6
 Death Channel            Necr           0%         N/A       100%        6
 Eringya's Noxious Bog    Tmut/Pois      0%         N/A       100%        6
 Iron Shot                Conj/Erth      0%         9d1       100%        6
 Summon Cactus Giant      Summ           0%         N/A       100%        6
 Enfeeble                 Hex            0%         N/A       100%        7
 Orb of Destruction       Conj           0%         9d5       100%        7
 Spellforged Servitor     Conj/Summ      0%         N/A       100%        7
 Summon Hydra             Summ           0%         N/A       100%        7


Dungeon Overview and Level Annotations

Branches:
Dungeon (15/15)            Temple (1/1) D:5            Lair (6/6) D:8
  Swamp (0/4) Lair:4       Spider (4/4) Lair:2        Slime (0/5) Lair:5
    Orc (2/2) D:10            Elf (0/3) Orc:2        Vaults (0/5) D:14
 Depths (0/4) D:15         Bailey (visited)

Altars:
Ashenzari
Cheibriados
Dithmenos
Elyvilon
Fedhas
Gozag
Hepliaklqana
Kikubaaqudgha
Makhleb
Nemelex Xobeh
Okawaru
Qazlal
Ru
Sif Muna
Trog
Uskayaw
Vehumet
Wu Jian
Xom
Yredelemnul
Zin
The Shining One
Beogh
Jiyva

Shops:
D:4 [   D:5 (   Orc:2 (:*?

Annotations:
D:1 Trap door, Mystery shrine
D:3 Menkaure
D:5 Good sword in shop for 622
D:7 Trap door
D:8 Lair
D:9 Trap door
D:10 Trap door, Orcish Mines
D:14 Vaults
D:15 Depths
Lair:1 Trap door
Lair:2 Spider Nest
Lair:4 Swamp
Lair:5 Slime pits
Spider:1 Supah challenge r00m
Orc:1 2 transporters
Orc:2 Elven Halls


Innate Abilities, Weirdness & Mutations

You are immune to sickness and miasma.
Your stone body is resilient. (AC +13)
You are immune to poison.
Your large and strong wings let you fly.
You resist negative energy. (rN+)
You are resistant to electric shocks. (rElec)
You are resistant to unholy torment.
You are immune to petrification.
You are very clumsy. (Dex -4)
Your muscles are strong. (Str +2)
Your spells are a little easier to cast, but a little less powerful.


Message History

The emperor scorpion claws you but does no damage.
You block the emperor scorpion's attack.
You feel you are being watched by something.
You feel your power leaking away.
* * * LOW MAGIC WARNING * * *
The sun moth bites you!
* * * LOW HITPOINT WARNING * * *
You take 8 damage, and have 51/118 hp.
You now have 0/18 mp.
You hit the emperor scorpion but do no damage.
Lightning courses through the emperor scorpion!
You block the emperor scorpion's attack.
The emperor scorpion claws you but does no damage. x2
The sun moth bites you!
* * * LOW HITPOINT WARNING * * *
You are covered in liquid flames.
You are covered in liquid flames!
You take 12 damage, and have 39/118 hp.
Okay, then.
You feel very mighty all of a sudden.
You are covered in liquid flames!
* * * LOW HITPOINT WARNING * * *
You block the emperor scorpion's attack.
The emperor scorpion claws you.
* * * LOW HITPOINT WARNING * * *
You block the emperor scorpion's attack.
The hornet stings you but does no damage.
The sun moth bites you but does no damage.
You take 14 damage, and have 25/118 hp.
You hit the emperor scorpion but do no damage.
Lightning courses through the emperor scorpion!
You are covered in liquid flames!
* * * LOW HITPOINT WARNING * * *
You block the emperor scorpion's attack.
The emperor scorpion closely misses you.
The emperor scorpion claws you but does no damage.
The hornet stings you but does no damage.
The sun moth throws energy at you. The bolt of energy hits you!!
You die...
Your body glows with a rainbow of weird colours and disappears.

##≈≈...s## ##...##
###≈.≈## #..^# #####
####'s'####
####.........####
#######.^....^........#
#.....#...s...........#
#.......y.#.[........##
##...###{.y..^#....^##
#^.#.y@#.........#..#
##...y#s.......#.....#
#......y##...........#
###........^#...........
#.....^....#.#^..##....
#..#........^.#....#.
##.....#....#...#.#.
##...................
##.................^..

Skill      XL: |  1  2  3  4  5  6  7  8  9 10 11 12 13 14 15 16 17 |
---------------+----------------------------------------------------+-----
Long Blades    | 2 3 4 5 6 8 9 10 12 13 14 15 17 | 17.1
Fighting       | 4 5 6 7 8 9 11 12 13 14 | 14.9
Armour         | 4 5 6 7 8 9 11 12 13 14 15 | 15.2
Shields        | 4 5 6 7 8 9 10 11 12 13 14 | 14.9
Evocations     | 1 3 5 6 8 9 10 | 10.4

Notes
Turn   | Place    | Note
-------+----------+-------------------------------------------
     0 | D:1      | snonkus the Gargoyle Fighter began the quest for the Orb.
     0 | D:1      | Reached XP level 1. HP: 14/14 MP: 1/1
    38 | D:1      | Found a faded altar of an unknown god.
   160 | D:1      | Reached skill level 2 in Long Blades
   163 | D:1      | Reached XP level 2. HP: 19/19 MP: 2/2
   625 | D:1      | Reached XP level 3. HP: 23/23 MP: 3/3
  2198 | D:3      | Reached XP level 4. HP: 28/29 MP: 4/4
  2693 | D:3      | P0WERM0DE: stalk3D
  2700 | D:3      | Reached skill level 3 in Long Blades
  2949 | D:3      | P0WERM0DE: ID pls mister. this is restricted area
  2949 | D:3      | snonkus: ja
  2949 | D:3      | snonkus: Will wear a willpower ring if I see wizard again,
                  | kept nearly dying to confusion before
  2951 | D:3      | P0WERM0DE: ya
  2951 | D:3      | P0WERM0DE: willpower is halfway important
  2951 | D:3      | P0WERM0DE: vs banish too
  2988 | D:3      | snonkus: nice
  2988 | D:3      | snonkus: Banish to abyss?
  2988 | D:3      | P0WERM0DE: vs confuse can drink curing tho
  2988 | D:3      | P0WERM0DE: ye
  2988 | D:3      | snonkus: Good tip, about curing confuse
  3050 | D:4      | Noticed an ogre
  3079 | D:4      | Killed an ogre
  3080 | D:4      | Reached skill level 4 in Fighting
  3080 | D:4      | Reached skill level 4 in Armour
  3080 | D:4      | Reached skill level 4 in Shields
  3080 | D:4      | Reached XP level 5. HP: 33/33 MP: 5/5
  3277 | D:4      | Reached XP level 6. HP: 23/39 MP: 6/6
  3445 | D:4      | Reached skill level 4 in Long Blades
  3548 | D:4      | Noticed Natasha
  3584 | D:4      | Killed Natasha
  3754 | D:4      | Noticed Eustachio
  3756 | D:4      | Noticed Natasha
  3812 | D:4      | Killed Eustachio
  3813 | D:4      | Reached XP level 7. HP: 40/44 MP: 7/7
  3845 | D:4      | Noticed Menkaure
  3865 | D:3      | HP: 10/44 [Menkaure (11)]
  3954 | D:4      | Killed Natasha
  4153 | D:4      | Found Detim's Armour Shoppe.
  4207 | D:4      | Reached skill level 5 in Fighting
  4207 | D:4      | Reached skill level 5 in Armour
  4207 | D:4      | Reached skill level 5 in Shields
  4293 | D:4      | Noticed Natasha
  4304 | D:4      | Killed Natasha
  4384 | D:4      | Noticed Robin
  4416 | D:4      | Killed Robin
  4667 | D:5      | Entered Level 5 of the Dungeon
  4729 | D:5      | Reached skill level 5 in Long Blades
  4873 | D:5      | Found a staircase to the Ecumenical Temple.
  4883 | Temple   | Entered the Ecumenical Temple
  5291 | Temple   | Became a worshipper of Nemelex Xobeh the Trickster
  5352 | D:5      | Found Zoorha's Weapon Emporium.
  5460 | D:5      | Reached XP level 8. HP: 50/50 MP: 8/8
  6028 | D:6      | Reached skill level 6 in Long Blades
  6140 | D:6      | Reached skill level 6 in Fighting
  6140 | D:6      | Reached skill level 6 in Shields
  6168 | D:5      | Reached skill level 6 in Armour
  6400 | D:6      | Reached XP level 9. HP: 48/56 MP: 9/9
  6461 | D:6      | Reached * piety under Nemelex Xobeh
  6586 | D:6      | snonkus: Spectral weapon looks interesting
  7087 | D:7      | Received a gift from Nemelex Xobeh
  7113 | D:7      | Reached skill level 7 in Long Blades
  7113 | D:7      | snonkus: Do you know if will power protects from draining?
  7168 | D:7      | Noticed Pikel
  7174 | D:7      | Killed Pikel
  7279 | D:7      | Reached skill level 7 in Fighting
  7279 | D:7      | Reached skill level 7 in Armour
  7279 | D:7      | Reached skill level 7 in Shields
  8096 | D:7      | Reached ** piety under Nemelex Xobeh
  8305 | D:7      | P0WERM0DE: no doesnt
  8305 | D:7      | Gained mutation: Your spells are a little easier to cast,
                  | but a little less powerful. [potion of mutation]
  8305 | D:7      | Gained mutation: Your muscles are strong. (Str +2) [potion
                  | of mutation]
  8306 | D:7      | P0WERM0DE: drain is rN
  8325 | D:8      | snonkus: ah ok
  8485 | D:8      | Noticed a two-headed ogre
  8648 | D:8      | Killed a two-headed ogre
  8649 | D:8      | Reached skill level 8 in Long Blades
  8649 | D:8      | Reached XP level 10. HP: 53/64 MP: 10/10
  8721 | D:8      | Found a staircase to the Lair.
  8722 | D:8      | Noticed a death yak
  8722 | D:8      | Noticed a death yak
  9041 | D:7      | Killed a death yak
  9118 | D:7      | Killed a death yak
  9119 | D:7      | Reached skill level 8 in Fighting
  9119 | D:7      | Reached skill level 8 in Armour
  9119 | D:7      | Reached skill level 8 in Shields
  9321 | D:8      | Noticed a death yak
  9321 | D:8      | Noticed a death yak
  9321 | D:8      | Noticed a death yak
  9462 | D:7      | HP: 15/64 [death yak (11)]
  9577 | D:7      | Reached skill level 9 in Long Blades
  9724 | D:7      | Killed a death yak
  9985 | D:8      | Found a runed translucent door.
 11436 | D:9      | Noticed a red ugly thing
 11449 | D:9      | Killed a green ugly thing
 11450 | D:9      | Reached skill level 1 in Evocations
 11568 | D:9      | Found a flagged portal.
 11586 | D:9      | Reached XP level 11. HP: 69/69 MP: 11/11
 11594 | Bailey   | Entered a bailey
 11918 | Bailey   | Reached skill level 2 in Evocations
 12044 | Bailey   | Found an iron altar of Okawaru.
 12057 | Bailey   | Reached skill level 10 in Long Blades
 12060 | Bailey   | Gained mutation: You have hidden genetic defects. [a
                  | neqoxec]
 12279 | Bailey   | Reached skill level 9 in Fighting
 12809 | Bailey   | Reached skill level 9 in Shields
 12901 | Bailey   | Acquired a +4 falchion of draining
 12904 | Bailey   | Acquired 1071 gold pieces
 13081 | D:9      | Reached skill level 9 in Armour
 13282 | D:10     | Entered Level 10 of the Dungeon
 13611 | D:10     | Gained mutation: You are clumsy. (Dex -2) [hidden defects]
 13883 | D:10     | Found a staircase to the Orcish Mines.
 13986 | D:10     | Found an ancient bone altar of Kikubaaqudgha.
 14039 | D:10     | Reached skill level 3 in Evocations
 14338 | D:10     | Gained mutation: You are very clumsy. (Dex -4) [hidden
                  | defects]
 14338 | D:10     | Lost mutation: You have hidden genetic defects. [hidden
                  | defects expressed]
 14687 | Lair:1   | Entered Level 1 of the Lair of Beasts
 14758 | Lair:1   | Reached *** piety under Nemelex Xobeh
 15043 | Lair:1   | Noticed Maggie
 15060 | Lair:1   | Killed Maggie
 15256 | Lair:1   | Reached XP level 12. HP: 77/77 MP: 12/12
 15264 | Lair:1   | Reached skill level 11 in Long Blades
 15402 | Lair:1   | Reached skill level 4 in Evocations
 16234 | Lair:2   | Reached skill level 10 in Shields
 16370 | Lair:2   | Reached skill level 10 in Fighting
 16490 | Lair:2   | Reached skill level 10 in Armour
 16646 | Lair:2   | Reached **** piety under Nemelex Xobeh
 16960 | Lair:2   | Received a gift from Nemelex Xobeh
 17136 | Lair:2   | Found a hole to the Spider Nest.
 17744 | Lair:3   | Reached skill level 5 in Evocations
 17914 | Lair:3   | Received a gift from Nemelex Xobeh
 18122 | Lair:3   | Reached skill level 11 in Fighting
 18122 | Lair:3   | Reached skill level 12 in Long Blades
 18122 | Lair:3   | Reached skill level 11 in Armour
 18122 | Lair:3   | Reached XP level 13. HP: 84/84 MP: 13/13
 18123 | Lair:3   | Reached skill level 11 in Shields
 18123 | Lair:3   | Reached skill level 6 in Evocations
 18123 | Lair:3   | Gained mutation: Your large and strong wings let you fly.
                  | [Gargoyle growth]
 18123 | Lair:3   | Reached XP level 14. HP: 90/90 MP: 14/14
 18191 | Lair:3   | Reached ***** piety under Nemelex Xobeh
 18514 | Lair:3   | Reached skill level 12 in Armour
 18555 | Lair:3   | Reached skill level 13 in Long Blades
 18585 | Lair:3   | Received a gift from Nemelex Xobeh
 19223 | Lair:4   | Received a gift from Nemelex Xobeh
 19385 | Lair:4   | Noticed an entropy weaver
 19385 | Lair:4   | an eight-headed hydra changed into an entropy weaver
 19387 | Lair:4   | an entropy weaver changed into a yaktaur
 19393 | Lair:4   | Reached XP level 15. HP: 95/95 MP: 15/15
 19470 | Lair:4   | Received a gift from Nemelex Xobeh
 19652 | Lair:4   | Reached skill level 12 in Shields
 19948 | Lair:4   | Received a gift from Nemelex Xobeh
 20027 | Lair:4   | Found a staircase to the Swamp.
 20300 | Lair:5   | Reached skill level 7 in Evocations
 20650 | Lair:5   | Found a runed translucent door.
 20652 | Lair:5   | Found a viscous altar of Jiyva.
 20659 | Lair:5   | Found a staircase to the Slime Pits.
 20679 | Lair:5   | Reached skill level 12 in Fighting
 21013 | Lair:5   | Found a burning altar of Makhleb.
 21051 | Lair:5   | Received a gift from Nemelex Xobeh
 21262 | Lair:6   | Entered Level 6 of the Lair of Beasts
 21561 | Lair:6   | P0WERM0DE: dang sn0nkus in lair
 21968 | Lair:6   | snonkus: yar
 22419 | Lair:6   | Reached skill level 14 in Long Blades
 22617 | Lair:6   | Reached ****** piety under Nemelex Xobeh
 22722 | Lair:6   | Received a gift from Nemelex Xobeh
 22880 | Lair:6   | Reached skill level 13 in Armour
 23459 | Lair:6   | snonkus: Lair seems complete
 23459 | Lair:6   | snonkus: Going to go upstairs and checkout orcish mines
 23571 | Lair:6   | P0WERM0DE: ya
 23573 | Lair:5   | P0WERM0DE: get better sword
 23601 | Lair:4   | P0WERM0DE: search long blade plx
 23769 | Orc:1    | Entered Level 1 of the Orcish Mines
 23818 | Orc:1    | P0WERM0DE: scimitar of elec
 23818 | Orc:1    | P0WERM0DE: use that
 23818 | Orc:1    | P0WERM0DE: its better than yur wpn
 23957 | Orc:1    | Received a gift from Nemelex Xobeh
 23992 | Orc:1    | Found a transporter.
 24079 | Orc:1    | snonkus: Oh ok
 24081 | Orc:1    | snonkus: You think +2 elec sword does more damage than +4
                  | drain?
 24304 | Orc:1    | Received a gift from Nemelex Xobeh
 24334 | Orc:1    | P0WERM0DE: yes also bcz base dmg of scimiat is much better
 24337 | Orc:1    | P0WERM0DE: and elec is usually the biggest dmg add of all
                  | brands
 24337 | Orc:1    | snonkus: ye, looks good
 24372 | Orc:1    | Noticed an orc warlord
 24372 | Orc:1    | Found a transporter.
 24374 | Orc:1    | Found the +3 crown of Dyrovepreva {rElec Int+2 SInv}
 24550 | Orc:1    | P0WERM0DE: this wpn is almost strong enuf until endgame if
                  | you dont get bettr
 24580 | Orc:1    | P0WERM0DE: that helm is gud in vault
 24580 | Orc:1    | P0WERM0DE: crown
 24580 | Orc:1    | P0WERM0DE: but do lvl 2 first
 24580 | Orc:1    | snonkus: Will check what enemies are in there first
 24580 | Orc:1    | snonkus: Then decide if going in now or later
 24587 | Orc:1    | P0WERM0DE: ye def need to buff up for that
 24591 | Orc:1    | P0WERM0DE: stand in chokepoint+might haste
 24625 | Orc:1    | P0WERM0DE: theres orc warlord and a stone giant
 24626 | Orc:1    | snonkus: dang looks risky rn
 24626 | Orc:1    | P0WERM0DE: ye
 24626 | Orc:1    | P0WERM0DE: go lvl 2 first check shops
 24626 | Orc:1    | snonkus: Will come back
 24626 | Orc:1    | P0WERM0DE: helm is less good on GR bcz it gives rElec which
                  | you alrdy have
 24627 | Orc:1    | P0WERM0DE: but is +3 int +2 Sinv rElec
 24627 | Orc:1    | P0WERM0DE: also the plate is ok
 24627 | Orc:1    | P0WERM0DE: +2 rF
 24658 | Orc:1    | snonkus: Does that crown appear in all games?
 24666 | Orc:2    | Entered Level 2 of the Orcish Mines
 24701 | Orc:2    | Found Doqok's Magic Scroll Boutique.
 24704 | Orc:1    | P0WERM0DE: n0
 24742 | Orc:2    | Received a gift from Nemelex Xobeh
 24743 | Orc:2    | P0WERM0DE: its unrandart tho
 24743 | Orc:2    | P0WERM0DE: so always same stats
 24753 | Orc:2    | P0WERM0DE: like unique item in diablo
 24785 | Orc:2    | snonkus: Nice that dcss has those sudden extreme challenge
                  | areas
 24865 | Orc:2    | Reached skill level 8 in Evocations
 24947 | Orc:2    | Reached XP level 16. HP: 86/103 MP: 16/16
 24963 | Orc:2    | Reached skill level 13 in Shields
 24974 | Orc:2    | Identified the -1 quarterstaff of Oenomania {flame, Fly
                  | rElec Str-4 SInv}
 25054 | Orc:2    | Noticed Sonja
 25062 | Orc:2    | Noticed Sonja
 25062 | Orc:2    | Sonja changed into Sonja the sky beast
 25064 | Orc:2    | Killed Sonja the sky beast
 25092 | Orc:2    | Reached skill level 13 in Fighting
 25167 | Orc:2    | Found a staircase to the Elven Halls.
 25653 | Orc:2    | Received a gift from Nemelex Xobeh
 25778 | Orc:2    | Reached skill level 15 in Long Blades
 25781 | Orc:2    | Found Nudefud's Book Shop.
 25782 | Orc:2    | Found Telatiwno's Antique Weapon Shoppe.
 25784 | Orc:2    | Bought a scroll of brand weapon for 320 gold pieces
 25784 | Orc:2    | Bought a scroll of teleportation for 48 gold pieces
 25784 | Orc:2    | Bought a scroll of teleportation for 48 gold pieces
 25784 | Orc:2    | Bought a scroll of enchant weapon for 120 gold pieces
 25807 | Orc:2    | Found Misyos's Assorted Antiques.
 25808 | Orc:2    | P0WERM0DE: can drop all falchion
 25810 | Orc:2    | P0WERM0DE: they bad
 25815 | Orc:2    | Bought a potion of heal wounds for 175 gold pieces
 25815 | Orc:2    | P0WERM0DE: ye buy amulet
 25815 | Orc:2    | P0WERM0DE: what do you hav
 25815 | Orc:2    | P0WERM0DE: ?
 25816 | Orc:2    | P0WERM0DE: ok faith is gu
 25816 | Orc:2    | P0WERM0DE: no need to buy
 25816 | Orc:2    | P0WERM0DE: faith is p gud with nemelex
 25816 | Orc:2    | P0WERM0DE: only switch for artefact
 25816 | Orc:2    | P0WERM0DE: can also drop regen + acrobat
 25816 | Orc:2    | snonkus: Ye, kept taking it off before and nemelex gettig
                  | mad
 25816 | Orc:2    | snonkus: ok
 25818 | Orc:2    | P0WERM0DE: not mad but you lose piety
 25818 | Orc:2    | snonkus: ah
 25818 | Orc:2    | P0WERM0DE: its def good to get more cards tho
 25818 | Orc:2    | P0WERM0DE: +25%
 25818 | Orc:2    | P0WERM0DE: also can drop flight potions
 25818 | Orc:2    | P0WERM0DE: bcz gr permafly
 25818 | Orc:2    | snonkus: rip, ofc
 25819 | Orc:2    | P0WERM0DE: and stones
 25820 | Orc:2    | P0WERM0DE: did you alrdy do all to d15?
 25820 | Orc:2    | snonkus: Didn't reach d15 yet
 25820 | Orc:2    | P0WERM0DE: kk
 25820 | Orc:2    | snonkus: I think d10
 25820 | Orc:2    | P0WERM0DE: then do that now, then prob vault
 25820 | Orc:2    | P0WERM0DE: in orc1
 25820 | Orc:2    | P0WERM0DE: and hopefully have a flaming wpn or better sword
 25820 | Orc:2    | P0WERM0DE: flame sword gud for swamp
 25820 | Orc:2    | snonkus: Nice info
 25820 | Orc:2    | P0WERM0DE: if you dont get one, do spider first
 25820 | Orc:2    | P0WERM0DE: bcz hydras
 25820 | Orc:2    | P0WERM0DE: good sword in shop?
 25820 | Orc:2    | snonkus: Will check
 25820 | Orc:2    | P0WERM0DE: can you ctrl-f long blade
 25820 | Orc:2    | snonkus: Spider, swamp, slime pits entrance in lair
 25820 | Orc:2    | P0WERM0DE: ye
 25820 | Orc:2    | P0WERM0DE: long blade
 25820 | Orc:2    | P0WERM0DE: not sword
 25820 | Orc:2    | snonkus: oh ok
 25822 | Orc:2    | P0WERM0DE: sword is only one type
 25822 | Orc:2    | P0WERM0DE: ok yur wpn is best for now
 25822 | Orc:2    | P0WERM0DE: go do until d15
 25822 | Orc:2    | snonkus: kk
 25823 | Orc:2    | P0WERM0DE: dont use brand on this
 25851 | Orc:2    | P0WERM0DE: elec is gud
 25851 | Orc:2    | P0WERM0DE: might ge demon blade or double sword later
 25851 | Orc:2    | P0WERM0DE: also wouldnt enchant furthr
 25851 | Orc:2    | P0WERM0DE: +3 elec will be fine for now
 25851 | Orc:2    | snonkus: k will save future enchanting scrols
 25851 | Orc:2    | P0WERM0DE: did you train evocation
 25908 | D:10     | P0WERM0DE: can also use G
 25908 | D:10     | P0WERM0DE: to auto travel
 25908 | D:10     | P0WERM0DE: now type d15
 25962 | Lair:1   | snonkus: whoa
 25962 | Lair:1   | P0WERM0DE: yy
 25962 | Lair:1   | P0WERM0DE: ez
 25962 | Lair:1   | P0WERM0DE: crawl pr0 interface
 25962 | Lair:1   | snonkus: d15 before spider?
 25962 | Lair:1   | P0WERM0DE: yea
 25962 | Lair:1   | P0WERM0DE: can get better sword/shops
 26005 | D:10     | snonkus: nice
 26215 | D:11     | Received a gift from Nemelex Xobeh
 26400 | D:11     | P0WERM0DE: enchant the other item pieces first
 26421 | D:11     | P0WERM0DE: there was a +2 rF plate in vault which is better
                  | than yur plat
 26421 | D:11     | P0WERM0DE: wouldve done cloak now
 26421 | D:11     | P0WERM0DE: usually enchant armor on aux armor
 26421 | D:11     | snonkus: Enchanting in cloak loads good?
 26421 | D:11     | P0WERM0DE: top armor is crystal plate or golden dragon
                  | scale
 26421 | D:11     | P0WERM0DE: yy
 26421 | D:11     | P0WERM0DE: not enchant plain plate
 26421 | D:11     | snonkus: Nice, then can keep cloak with better armor
 26421 | D:11     | P0WERM0DE: ye
 26658 | D:11     | Received a gift from Nemelex Xobeh
 26827 | D:12     | You are sucked into a shaft and drop 1 floor!
 27039 | D:13     | P0WERM0DE: also pick mutation pots
 27043 | D:13     | P0WERM0DE: yu need them later if yu get bad muts
 27044 | D:13     | snonkus: will get in min
 27221 | D:13     | Received a gift from Nemelex Xobeh
 27593 | D:12     | Received a gift from Nemelex Xobeh
 27969 | D:12     | Received a gift from Nemelex Xobeh
 28839 | D:13     | Received a gift from Nemelex Xobeh
 28868 | D:13     | Noticed Jorgrun
 28870 | D:13     | P0WERM0DE:
                  | https://soundcloud.com/paerchenurlaub/parchenurlaub-fusion-
                  | festival-2018-dub-station
 28874 | D:13     | Killed Jorgrun
 28877 | D:13     | snonkus: checkin
 29113 | D:14     | Received a gift from Nemelex Xobeh
 29275 | D:14     | Received a gift from Nemelex Xobeh
 29338 | D:14     | Noticed Nessos
 29344 | D:14     | Noticed Nessos
 29344 | D:14     | Nessos changed into Nessos the lindwurm
 29352 | D:14     | Killed Nessos the lindwurm
 29353 | D:14     | Reached skill level 14 in Armour
 29374 | D:14     | Noticed Josephine
 29382 | D:14     | Killed Josephine
 29530 | D:14     | Found a gate to the Vaults.
 29534 | D:14     | Reached skill level 9 in Evocations
 29649 | D:14     | Received a gift from Nemelex Xobeh
 29915 | D:15     | Entered Level 15 of the Dungeon
 30047 | D:15     | Found a staircase to the Depths.
 30363 | D:15     | Received a gift from Nemelex Xobeh
 32680 | Spider:1 | Entered Level 1 of the Spider Nest
 32680 | Spider:1 | Received a gift from Nemelex Xobeh
 32696 | Lair:2   | Reached XP level 17. HP: 88/110 MP: 17/17
 32825 | Spider:1 | Reached skill level 16 in Long Blades
 33129 | Spider:1 | Reached skill level 14 in Shields
 33389 | Spider:1 | Noticed Donald
 33411 | Spider:1 | Killed Donald
 33713 | Spider:1 | Reached skill level 14 in Fighting
 33997 | Spider:1 | Noticed kthxbai's ghost (adept BaIE)
 34015 | Spider:1 | Found a transporter.
 34023 | Spider:1 | Found a transporter.
 34460 | Spider:1 | HP: 27/111 [wolf spider simulacrum (20)]
 34470 | Spider:1 | Killed kthxbai's ghost
 34785 | Spider:2 | Noticed an entropy weaver
 34785 | Spider:2 | Received a gift from Nemelex Xobeh
 34800 | Spider:1 | Killed an entropy weaver
 35106 | Spider:2 | Noticed Arachne
 35130 | Spider:2 | Identified the -1 long sword of Understanding {flame, rC+
                  | Dex+3}
 35475 | Spider:2 | Killed Arachne
 36167 | Spider:2 | Received a gift from Nemelex Xobeh
 36242 | Spider:2 | You are sucked into a shaft and drop 1 floor!
 36864 | Spider:3 | Received a gift from Nemelex Xobeh
 36967 | Spider:3 | Reached skill level 10 in Evocations
 37281 | Spider:4 | Entered Level 4 of the Spider Nest
 37281 | Spider:4 | Received a gift from Nemelex Xobeh
 38151 | Spider:3 | Reached skill level 15 in Armour
 38387 | Spider:4 | HP: 11/112 [disintegration (48)]
 38817 | Spider:4 | Identified the +2 long sword of Disembowelment {vorpal,
                  | Str+5 Stlth-}
 38819 | Spider:4 | Identified the -1 long sword of Terror {flame, *Slow rPois
                  | rN+}
 39370 | Spider:3 | Reached skill level 17 in Long Blades
 39418 | Spider:3 | HP: 27/112 [torpor snail (10)]
 39423 | Spider:3 | HP: 23/112 [torpor snail (6)]
 39760 | Spider:4 | Reached XP level 18. HP: 108/117 MP: 18/18
 40639 | Spider:4 | HP: 25/118 [emperor scorpion (6)]
 40640 | Spider:4 | Blown up by a sun moth

Table legend: (Time is in decaauts)
 A = Elapsed time spent in this place.
 B = Non-inter-level travel time spent in this place.
 C = Inter-level travel time spent in this place.
 D = Time resting spent in this place.
 E = Time spent auto-exploring this place.
 F = Levels seen in this place.
 G = Mean time per level.
                   A        B        C        D        E       F      G
               +--------+--------+--------+--------+--------+-----+--------+
         Total |  40085 |  36030 |   4055 |   5752 |  22694 |  29 | 1382.2 |
       Dungeon |  19018 |  16591 |   2427 |   1714 |  11178 |  15 | 1267.9 |
        Temple |    455 |    387 |     68 |      0 |    372 |   1 |  455.0 |
          Lair |   9414 |   8294 |   1120 |    722 |   5994 |   6 | 1569.0 |
   Spider Nest |   7770 |   7589 |    181 |   2848 |   3206 |   4 | 1942.5 |
  Orcish Mines |   2089 |   1831 |    258 |    120 |   1176 |   2 | 1044.5 |
        Bailey |   1336 |   1336 |      0 |    346 |    767 |   1 | 1336.0 |
               +--------+--------+--------+--------+--------+-----+--------+

Top non-repeatable levels by time:
Spider:3: 2519 daAuts
     D:7: 2423 daAuts
Spider:1: 2401 daAuts
  Lair:6: 1999 daAuts
     D:8: 1908 daAuts
     D:4: 1849 daAuts
  Lair:2: 1579 daAuts
  Lair:1: 1563 daAuts
Spider:2: 1531 daAuts
    D:13: 1524 daAuts
  Lair:5: 1471 daAuts
    D:10: 1443 daAuts
     D:1: 1421 daAuts
  Lair:3: 1421 daAuts
  Lair:4: 1379 daAuts

Table legend:
 A = Kills in this place as a percentage of kills in entire the game.
 B = Kills by you in this place as a percentage of kills by you in the entire game.
 C = Kills by friends in this place as a percentage of kills by friends in the entire game.
 D = Other kills in this place as a percentage of other kills in the entire game.
 E = Experience gained in this place as a percentage of experience gained in the entire game.
 F = Experience gained in this place divided by the number of levels of this place that you have seen.
                   A       B       C       D       E      F
               +-------+-------+-------+-------+-------+----------------------
         Total | 100.0 | 100.0 | 100.0 | 100.0 | 100.0 | 6995.9
       Dungeon |  41.4 |  44.2 |   3.6 |   0.0 |  26.4 | 3564.0
          Lair |  23.0 |  24.2 |   7.3 |   0.0 |  27.0 | 9140.5
   Spider Nest |  19.7 |  17.3 |  49.1 | 100.0 |  35.3 | 17914.5
  Orcish Mines |  11.2 |   9.2 |  40.0 |   0.0 |  10.1 | 10246.0
        Bailey |   4.7 |   5.1 |   0.0 |   0.0 |   1.2 | 2427.0
               +-------+-------+-------+-------+-------+----------------------

Action                   |  1- 3 |  4- 6 |  7- 9 | 10-12 | 13-15 | 16-18 || total
-------------------------+-------+-------+-------+-------+-------+-------++-------
Melee: Long sword        |   140 |    95 |   274 |   230 |       |       ||   739
       Dagger            |       |     7 |    33 |    55 |       |   345 ||   440
       Falchion          |       |       |       |   580 |   717 |       ||  1297
       Scimitar          |       |       |       |       |    83 |   960 ||  1043
Throw: Stone             |    31 |     7 |     5 |     5 |    11 |     2 ||    61
       Dart              |       |     4 |     5 |     7 |       |    10 ||    26
Invok: Draw Destruction  |       |       |     3 |       |    39 |    72 ||   114
       Draw Escape       |       |       |       |     1 |       |     1 ||     2
       Draw Summoning    |       |       |       |       |     9 |    25 ||    34
Evoke: Wand              |       |       |     3 |    19 |     5 |    19 ||    46
       Tin of tremorston |       |       |       |       |       |     2 ||     2
  Use: Potion            |     4 |       |     3 |    10 |     2 |    15 ||    34
       Scroll            |     2 |     2 |     8 |     5 |     4 |     4 ||    25
 Stab: Distracted        |       |       |       |     3 |       |     1 ||     4
       Confused          |       |       |       |     1 |       |       ||     1
       Petrifying        |       |       |       |       |       |     1 ||     1
Armor: Scale mail        |    91 |    44 |   197 |   167 |       |       ||   499
       Chain mail        |       |       |       |   264 |     9 |       ||   273
       Plate armour      |       |       |       |       |   487 |  1289 ||  1776
Dodge: Dodged            |    71 |    38 |   123 |   220 |   179 |   426 ||  1057
Block: Buckler           |    20 |    15 |    58 |   163 |   179 |   116 ||   551
       Kite shield       |       |       |       |       |       |   615 ||   615

Vanquished Creatures
  Arachne (Spider:2)
  Donald (Spider:1)
  3 emperor scorpions
  A ghost moth (Spider:4)
  A dire elephant (Lair:6)
  4 spark wasps
  An entropy weaver (Spider:1)
  An ettin (D:15)
  Josephine (D:14)
  A jorogumo (Spider:1)
  A catoblepas (Lair:3)
  6 hydras
  11 two-headed ogres
  A centaur warrior (D:13)
  8 boulder beetles
  A radroach (Spider:3)
  2 dancing weapons (D:14)
  A tengu warrior (D:15)
  9 death yaks
  A hell knight (D:15)
  3 skeletal warriors (D:15)
  3 pharaoh ants
  A sun moth (Spider:1)
  A cherub (Spider:3)
  A spectral entropy weaver (Spider:1)
  A sea snake (Spider:3)
  8 orb spiders
  A bog body (Lair:4)
  2 lindwurms
  A swamp dragon (Lair:6)
  3 deep trolls
  A necromancer (D:15)
  Pikel (D:7)
  An orc knight (Orc:2)
  5 deep elf pyromancers
  11 wolf spiders
  An orc sorcerer (Orc:2)
  5 ugly things
  2 manticores
  2 moths of wrath
  6 cyclopes
  A guardian serpent (Spider:1)
  18 elephants
  5 torpor snails
  3 black mambas
  14 cane toads
  An emperor scorpion simulacrum (Spider:1)
  4 gargoyles
  Maggie (Lair:1)
  8 rime drakes
  7 komodo dragons
  4 demonic crawlers
  2 kobold demonologists (Bailey)
  A tengu conjurer (D:15)
  2 yaktaurs
  A tyrant leech (D:11)
  4 meliai
  A merfolk (D:15)
  8 trolls
  A wolf spider simulacrum (Spider:1)
  4 polar bears
  A hornet (Spider:4)
  12 tarantellas
  7 blink frogs (Lair:5)
  16 slime creatures
  10 dream sheep (Lair:6)
  A meliai zombie (D:11)
  16 jumping spiders
  5 culicivoras
  2 centaur simulacra (D:15)
  5 spriggans
  2 vampires
  4 basilisks
  6 wraiths
  A shadow (D:7)
  Eustachio (D:4)
  5 wyverns
  23 redbacks
  42 yaks
  3 steam dragons
  17 vampire mosquitoes
  2 swamp worms (Lair:4)
  3 acid dragons
  A hell hound (Spider:1)
  33 water moccasins
  A sky beast (D:5)
  A floating eye (Lair:6)
  2 swamp drakes
  19 orc warriors
  A black bear (Lair:3)
  A hornet zombie (D:6)
  3 wolves (Lair:6)
  19 ogres
  5 centaurs
  A tengu (shapeshifter) (D:15)
  2 kobold brigands (D:6)
  17 bullfrogs
  3 gnoll sergeants
  2 scorpions (D:4)
  A water moccasin skeleton (D:6)
  3 killer bees (D:8)
  3 wights (D:7)
  7 howler monkeys
  10 electric eels
  A bullfrog zombie (D:5)
  2 centaur zombies
  A hound (D:4)
  A jelly (D:7)
  8 orc priests
  A centaur skeleton (D:6)
  6 iguanas
  Natasha (thrice) (D:4)
  15 orc wizards
  A killer bee zombie (D:7)
  A hound skeleton (D:5)
  Robin (D:4)
  23 gnolls
  19 adders
  13 white imps
  3 worms (D:3)
  5 dart slugs
  60 orcs
  6 endoplasms
  5 giant cockroaches
  23 goblins
  8 hobgoblins
  5 jackals
  A quokka (D:1)
  4 ball pythons
  4 bats
  3 frilled lizards
  17 kobolds
  4 rats
769 creatures vanquished.

Vanquished Creatures (collateral kills)
  Jorgrun (D:13)
  The ghost of kthxbai the Gelid, an adept BaIE of Gozag (Spider:1)
  A broodmother (Spider:4)
  A spark wasp (Spider:4)
  A fire dragon (Lair:6)
  An ogre mage (Orc:2)
  A death scarab (Spider:1)
  A spectral entropy weaver (Spider:1)
  A steelbarb worm (Spider:1)
  A swamp dragon (Orc:2)
  A spectral wolf spider (Spider:1)
  A bog body (Lair:4)
  An orc knight (Orc:1)
  A wolf spider (Spider:1)
  A slime creature (D:13)
  A cyclops (Orc:2)
  An elephant (Lair:4)
  An emperor scorpion simulacrum (Spider:1)
  An entropy weaver simulacrum (Spider:1)
  3 trolls (Orc:2)
  A hornet (Spider:4)
  A wolf spider simulacrum (Spider:1)
  2 tarantellas (Spider:4)
  A jumping spider (Spider:2)
  A yak (Lair:6)
  2 vampire mosquitoes (Spider:1)
  10 redbacks
  A sky beast (Orc:2)
  4 orc warriors
  3 ogres (Orc:2)
  2 orc wizards
  5 orcs
55 creatures vanquished.

Vanquished Creatures (others)
  An orb spider (Spider:1)
  A cyclops (Spider:1)
  2 meliai
  A redback (Spider:2)
  A human (D:10)
  An iguana (Lair:6)
  25 fungi
  47 plants
79 creatures vanquished.

Grand Total: 903 creatures vanquished You could see an emperor scorpion, a sun moth and 2 hornets.

Levels and vault maps discovered:
D:1:      lemuel_arrival_muddy, layout_basic,
          dreamdust_ecumenical_altar_sealed_demon, st_stairs_14,
          chequers_big_river
D:2:      layout_basic
D:3:      layout_loops_ring
D:4:      layout_basic, serial_shops, nicolae_shop_statue_plus, uniq_robin,
          uniq_menkaure, uniq_eustachio, uniq_natasha
D:5:      layout_basic, minmay_temple_entry_glass, serial_shops,
          nicolae_diamond_shop, solitary_fountain
D:6:      layout_gridville
D:7:      layout_loops_cross, grunt_ministairs_12,
          chequers_serial_rivers_micro_e, uniq_pikel
D:8:      layout_gridville, dpeg_lair_monsters, minmay_misc_feat_roman,
          lightli_church_of_beogh
D:9:      layout_rooms, enter_bailey_5
D:10:     lemuel_reptile_caves, layout_loops_cross, tgw_kikubaaqudgha,
          orc_0_dummy
D:11:     layout_roguey
D:12:     layout_long_grid
D:13:     layout_stronghold, uniq_jorgrun
D:14:     layout_grid_maze, erik_vaults_1, infiniplex_staircase_star,
          uniq_nessos, uniq_josephine
D:15:     hangedman_depths_entry_civil_slaughter, layout_loops_ring
Temple:   mainiacjoe_temple_trianglar_array
Lair:1:   wad_woods_settlement, layout_long_grid, portal_ice_cave_entry_imps,
          uniq_maggie
Lair:2:   layout_regular_city, hellmonk_spider_entry_life_and_decay
Lair:3:   layout_cave_pods, kennysheep_catoblepas_arena
Lair:4:   layout_long_grid, nicolae_swamp_entry_splash_gauntlet,
          cheibrodos_lair_reptile_den
Lair:5:   layout_misc_corridors, slime_altar_2, basic_altar,
          chequers_serial_rivers_large_b, lemuel_fruit_tree, grunt_megastairs_2
Lair:6:   guppyfry_lair_end_dragon, layout_gridlike, wormcave
Spider:1: layout_spider_delve, gammafunk_ghost_mausoleum, uniq_donald
Spider:2: layout_spider_delve, uniq_arachne
Spider:3: layout_spider_delve
Spider:4: spider_rune_water, hangedman_spider_mandibles, drop_trap,
          nicolae_spider_bug_shape
Orc:1:    gammafunk_beogh_shrine, layout_caves
Orc:2:    st_orc_open, layout_caves, uniq_sonja
